 Dungeon Crawl Stone Soup version 0.32-a0-306-gfed3edf829 (webtiles) character file.

Game seed: 13132086557454879755

6 zenocrate the Sneak (level 1, -21/22 HPs)
             Began as a Troll Delver on Feb 14, 2024.
             Demolished by an ogre
             ... wielding a +0 giant spiked club
              (35 damage)
             ... on level 4 of the Dungeon.
             The game lasted 00:00:19 (124 turns).

zenocrate the Sneak (Troll Delver)                   Turns: 124, Time: 00:00:20

Health: -21/22     AC:  4    Str: 19    XL:     1   Next: 75%
Magic:  0/0        EV:  9    Int:  6    God:
Gold:   0          SH:  0    Dex: 11    Spells: 0/0 levels left

rFire   . .          .
                       - Unarmed
rCold   . . .        (no shield)
rNeg    . . .        a - +0 robe
rPois   .            (helmet restricted)
rElec   .            (no cloak)
rCorr   .            (gloves unavailable)
SInv    .            (boots unavailable)
Will    .....        (no amulet)
Stlth   ++           (no ring)
HPRegen 1.03/turn    (no ring)
MPRegen 0.07/turn

%: no passive effects
@: no status effects
A: large, unfitting armour, claws 3, regeneration 1, shaggy fur 1, tough skin 1
a: no special abilities


You were on level 4 of the Dungeon.
You visited 1 branch of the dungeon, and saw 2 of its levels.

Inventory:

Armour
 a - a +0 robe (worn)
Wands
 f - a wand of digging (3)
Scrolls
 b - a scroll of fog
 c - a scroll of revelation
Potions
 e - a potion of haste
 g - a potion of magic {unknown}


   Skills:
 - Level 2.4 Fighting
 - Level 1.5 Dodging
 - Level 2.7 Stealth
 + Level 2.6 Unarmed Combat


You couldn't memorise any spells.
You didn't know any spells.
Your spell library was empty.

Dungeon Overview and Level Annotations

Branches:
Dungeon (5/15)
 Temple: D:4-7

Altars:


Innate Abilities, Weirdness & Mutations

You are too large for most types of armour.
You have claws for hands.
Your natural rate of healing is unusually fast.
You are covered in fur. (AC +1)
You have tough skin. (AC +1)


Message History

You closely miss the quokka.
The quokka is moderately wounded.
The quokka bites you.
A quokka is nearby!
You scratch the quokka.
The quokka is almost dead.
The quokka bites you.
You claw the quokka!
You kill the quokka!
No target in view!
HP restored.
An ogre comes into view. It is wielding a +0 giant spiked club.
Found 7 gold pieces.
The ogre shouts!
The ogre moves out of view.
No target in view!
Found a beast talisman.
An ogre is nearby!
An adder comes into view.
The ogre hits you with a +0 giant spiked club!
Ouch! That really hurt!
You are too injured to fight recklessly!
Unknown command.
Unknown command.
Okay, then.
Okay, then.
As you read the scroll of fear, it crumbles to dust.
You assume a fearsome visage.
The ogre looks frightened!
Unknown command.
Unknown command.
No target in view!
An ogre is nearby!
The ogre hits you with a +0 giant spiked club!
You scratch the ogre.
The ogre is lightly wounded.
You barely miss the ogre.
The ogre is lightly wounded.
The ogre hits you with a +0 giant spiked club!!
Ouch! That really hurt!
You die...

##+#S.....
#........# #
#........#
#'##........#
..%$........#
............##.
...............
###O####
#..@...#
#.#.##.# #
#.#.##.#
#.#.#.##.#
#.#.#.##.#
#........#
#####.#'######
#............#
#
#..).........#


You could see an ogre.

Vanquished Creatures
  A ball python (D:4)
  An endoplasm (D:4)
  A quokka (D:4)
3 creatures vanquished.

Notes
Turn   | Place    | Note
-------+----------+-------------------------------------------
     0 | D:5      | zenocrate the Troll Delver began the quest for the Orb.
     0 | D:5      | Reached XP level 1. HP: 22/22 MP: 0/0
     6 | D:5      | Noticed a gnoll bouda
    96 | D:4      | Noticed an ogre
   124 | D:4      | Demolished by an ogre

Illustrated notes

Levels and vault maps discovered:
D:4:      layout_basic, kiku_gazebo_pond_becter, grunt_ministairs_9,
          kennysheep_generic_room_8
D:5:      layout_rooms, kennysheep_mini, nrook_loot_triangle,
          grunt_decor_resistance, nicolae_shop_sticking_my_neck_out,
          uniq_crazy_yiuf_cottage

Action                     || total
---------------------------++-------
  Melee: Unarmed           ||    11
    Use: Scroll            ||     1
   Stab: Sleeping          ||     2
 Armour: Robe              ||     7
  Dodge: Dodged            ||     3

Table legend: (Time is in decaauts)
 A = Elapsed time spent in this place.
 B = Non-inter-level travel time spent in this place.
 C = Inter-level travel time spent in this place.
 D = Time resting spent in this place.
 E = Time spent auto-exploring this place.
 F = Levels seen in this place.
 G = Mean time per level.
                   A        B        C        D        E       F      G
               +--------+--------+--------+--------+--------+-----+--------+
         Total |    123 |    123 |      0 |      0 |     68 |   2 |   61.5 |
       Dungeon |    123 |    123 |      0 |      0 |     68 |   2 |   61.5 |
               +--------+--------+--------+--------+--------+-----+--------+

Top non-repeatable levels by time:
     D:4: 109 daAuts
     D:5: 14 daAuts
